Map: Bel'Shir Vestige LE (Void)

Players

Khyira

  • Race: Terran Terran
  • League: Grandmaster
  • Spawn Location: 11:00

Railgan - Winner!

  • Race: Zerg Zerg
  • League: Grandmaster
  • Spawn Location: 5:00

VOD

https://www.youtube.com/watch?v=wOM8-4bhXIA

Description

Time

  • Played on: March 24, 2017, 6:52 p.m.
  • Length: 8:40
Show
View Real Time Build Order
Export as new Build Order

Khyira Terran 

Build Orders: Reaper Expand, MMM Bio 

Get SALT Encoding   

  12  0:00  SCV  
  13  0:13  SCV  
  14  0:18  Supply Depot  
  14  0:25  SCV  
  15  0:39  SCV  
  15  0:41  Barracks  
  16  0:47  Refinery  
  16  0:51  SCV  
  17  1:03  SCV  
  18  1:15  SCV  
  19  1:29  Orbital Command  
  19  1:31  Reaper  
  20  1:39  Command Center  
  20  1:54  Supply Depot  
  20  1:59  SCV  
  21  2:04  Barracks Reactor  
  21  2:11  SCV  
  22  2:21  Command Center  
  22  2:37  SCV  
  22  2:40  Barracks  
  22  2:42  Marine x2  
  25  2:49  SCV  
  26  2:55  Factory  
  26  3:00  Orbital Command  
  26  3:01  SCV  
  27  3:14  SCV  
  27  3:17  Marine x2  
  30  3:24  Refinery  
  30  3:26  SCV  
  31  3:27  Barracks Tech Lab  
  31  3:31  SCV  
  32  3:35  Marine  
  32  3:37  Marine  
  32  3:38  SCV, Orbital Command  
  37  3:42  Hellion  
  37  3:47  Marine  
  38  3:49  Stimpack  
  38  3:53  SCV x2  
  39  4:00  Marine x2  
  41  4:04  SCV  
  41  4:05  SCV x2  
  41  4:09  Bunker  
  44  4:15  Marine, Starport  
  44  4:16  Factory Reactor  
  45  4:18  Marine x2  
  45  4:21  Engineering Bay  
  45  4:23  SCV x2  
  45  4:24  Engineering Bay  
  49  4:28  Supply Depot  
  49  4:32  SCV  
  49  4:36  Refinery  
  50  4:43  SCV  
  51  4:47  SCV x2, Supply Depot  
  51  4:48  Supply Depot  
  51  4:49  Marine x3  
  51  4:52  Terran Infantry Weapons Level 1  
  56  4:55  SCV  
  56  4:56  Terran Infantry Armor Level 1  
  57  5:04  SCV x2  
  59  5:07  Medivac  
  59  5:12  Medivac  
  63  5:15  Widow Mine  
  63  5:17  SCV  
  63  5:18  SCV  
  67  5:25  Marine x2  
  67  5:26  Marine  
  70  5:36  SCV x2  
  70  5:39  Supply Depot  
  70  5:41  Supply Depot  
  72  5:43  Marine x3  
  75  5:50  Combat Shields  
  75  5:53  Starport Reactor  
  75  5:55  SCV x2  
  77  5:58  Missile Turret  
  77  5:59  Missile Turret  
  77  6:01  Marine, Armory  
  77  6:02  Factory Reactor  
  77  6:04  Marine x2, Missile Turret  
  76  6:05  Barracks  
  78  6:19  Marine  
  78  6:20  Barracks  
  78  6:21  Barracks  
  78  6:22  Marine x2  
  81  6:31  Orbital Command  
  81  6:33  Medivac x2  
  81  6:36  Marine  
  86  6:40  Marine x2  
  86  6:44  SCV x2  
  90  6:50  Factory  
  79  6:54  Marine  
  79  6:55  Refinery  
  79  6:57  SCV x2  
  79  6:58  Marine x2  
  79  6:59  SCV  
  77  7:01  Factory Tech Lab  
  77  7:04  Marine  
  77  7:06  Marine  
  77  7:07  Refinery  
  77  7:08  Barracks Reactor, Refinery  
  78  7:09  SCV x2  
  78  7:11  Medivac x2, SCV  
  78  7:12  Marine  
  85  7:15  Marine  
  85  7:21  Bunker, SCV x2  
  88  7:23  SCV, Supply Depot  
  88  7:24  Supply Depot  
  88  7:28  Siege Tank  
  90  7:33  SCV  
  90  7:34  Marine x2  
  83  7:47  SCV x2  
  83  7:50  Marine  
  83  7:51  Marine x5  
  80  7:52  Medivac x2  
  75  7:58  SCV  
  75  7:59  Barracks Reactor, SCV  
  75  8:01  Marine  
  75  8:02  Siege Tank  
  77  8:08  Marine x2  
  77  8:09  Marine  
  69  8:13  Marine  
  69  8:14  Marine x2  
  69  8:18  SCV x2  
  69  8:19  Marine  
  74  8:24  SCV  
Show
View Real Time Build Order
Export as new Build Order

Railgan Zerg - Winner!

Build Orders: Hatch First 

Get SALT Encoding   

  12  0:02  Drone  
  13  0:12  Overlord  
  13  0:17  Drone  
  14  0:30  Drone x2  
  14  0:34  Drone  
  17  0:53  Hatchery  
  17  0:54  Drone  
  17  0:57  Drone  
  18  1:11  Extractor  
  18  1:12  Spawning Pool  
  18  1:16  Drone  
  17  1:19  Drone  
  18  1:32  Drone  
  19  1:39  Overlord  
  19  1:59  Queen  
  22  2:01  Zergling x4  
  22  2:05  Queen  
  22  2:07  Drone  
  26  2:11  Drone  
  27  2:16  Metabolic Boost, Drone  
  29  2:22  Drone  
  29  2:30  Drone  
  29  2:33  Drone  
  29  2:36  Queen  
  33  2:37  Overlord  
  33  2:43  Queen  
  34  2:53  Drone  
  34  2:54  Overlord  
  34  2:57  Drone  
  36  3:14  Drone x9  
  45  3:22  Evolution Chamber  
  45  3:25  Overlord  
  44  3:30  Drone  
  44  3:33  Drone  
  46  3:37  Drone  
  47  3:47  Drone  
  48  3:49  Zerg Ground Armor Level 1  
  48  3:53  Drone x5  
  53  3:57  Extractor  
  53  3:58  Extractor x2  
  53  4:00  Overlord  
  51  4:02  Zergling x2  
  51  4:03  Zergling x4  
  51  4:09  Drone x2  
  55  4:11  Queen  
  55  4:13  Lair  
  57  4:23  Zergling x4  
  59  4:33  Drone  
  59  4:36  Zergling x2  
  59  4:37  Drone, Overlord  
  62  4:39  Zergling x4  
  62  4:42  Zergling x2  
  62  4:45  Overlord  
  65  4:53  Queen, Zergling x2  
  65  4:54  Overlord  
  67  5:00  Zergling x8  
  67  5:03  Overlord  
  67  5:04  Zergling x2  
  67  5:05  Overlord  
  71  5:19  Hydralisk Den  
  71  5:20  Drone  
  71  5:24  Drone  
  71  5:25  Drone  
  71  5:27  Evolution Chamber  
  72  5:31  Hatchery, Zergling x4  
  72  5:35  Zergling x6  
  75  5:47  Hydralisk x5  
  75  5:49  Muscular Augments  
  85  5:50  Zerg Ground Armor Level 2  
  85  5:58  Hydralisk x2  
  85  6:02  Zerg Missile Weapons Level 1  
  89  6:12  Hydralisk x4  
  89  6:16  Overlord  
  97  6:20  Hydralisk  
  97  6:23  Hydralisk  
  101  6:27  Hydralisk  
  101  6:29  Overlord  
  101  6:31  Hydralisk  
  105  6:37  Hydralisk  
  107  6:45  Hydralisk  
  103  6:53  Hydralisk x2  
  103  6:54  Hydralisk  
  96  6:59  Overlord x2  
  96  7:03  Overseer, Drone  
  96  7:05  Hydralisk  
  96  7:06  Hydralisk  
  99  7:12  Zergling x4  
  99  7:14  Drone x4  
  105  7:15  Drone  
  105  7:19  Zergling x2  
  106  7:26  Drone  
  106  7:29  Spore Crawler  
  104  7:36  Hydralisk  
  104  7:37  Hydralisk x4  
  99  7:47  Drone x4  
  100  7:52  Hydralisk  
  100  7:57  Hydralisk  
  100  7:58  Hydralisk x2  
  104  8:00  Hydralisk  
  104  8:01  Hydralisk  
  108  8:08  Hydralisk  
  108  8:09  Hydralisk  
  113  8:21  Zergling x14  
Tags
 
Add a new tag
Caveats
  • Supply blocks, unpowered buildings, or Contaminate may cause inaccurate times.
  • Supply counts are checked every 10 seconds.